 Dungeon Crawl Stone Soup version 0.29-a0-369-gd956c00756 (webtiles) character file.

Game seed: 13803112324824036711

8657 spaghetti the Fighter (level 11, 0/117 HPs)
             Began as an Ogre Conjurer on May 1, 2022.
             Was a Priest of Hepliaklqana.
             Slain by a warg (15 damage)
             ... on level 10 of the Dungeon.
             The game lasted 00:22:33 (12263 turns).

spaghetti the Fighter (Ogre Conjurer)              Turns: 12263, Time: 00:22:34

Health: 0/117      AC:  4    Str: 13    XL:     11   Next: 34%
Magic:  37/41      EV:  9    Int: 29    God:    Hepliaklqana [***...]
Gold:   561        SH:  0    Dex:  7    Spells: 9/26 levels left

rFire   . . .      SeeInvis .   w - +7 mace of the Reaper {vorpal, rC+ MP+9, mace}
rCold   + . .      Faith    .   (no shield)
rNeg    . . .      Spirit   .   a - +0 robe
rPois   .          Reflect  .   (helmet restricted)
rElec   .          Harm     .   x - +0 cloak
rCorr   .          Rampage  .   (gloves unavailable)
Will    +....                   (boots unavailable)
Stlth   +.........              (no amulet)
HPRegen 0.29/turn               M - +6 ring of intelligence
MPRegen 0.27/turn               P - ring of magical power

@: no status effects
A: reduced essence, large, unfitting armour, tough skin 1
a: Renounce Religion, Recall Ancestor, Ancestor Identity, Transference


You were on level 10 of the Dungeon.
You worshipped Hepliaklqana.
Hepliaklqana was most pleased with you.
You visited 1 branch of the dungeon, and saw 10 of its levels.
You also visited: Sewer.

You collected 561 gold pieces.


Innate Abilities, Weirdness & Mutations

Your life essence is reduced to manifest your ancestor. (-10% HP)
You are too large for most types of armour.
You have tough skin. (AC +1)


   Skills:
 + Level 14.2 Fighting
 - Level 0.1 Armour
 - Level 1.7 Dodging
 - Level 1.4 Stealth
 - Level 8.0 Spellcasting
 - Level 8.2 Conjurations
 - Level 5.0 Hexes
 + Level 6.3 Invocations


You had 9 spell levels left.
You knew the following spells:

 Your Spells              Type           Power      Damage    Failure   Level
a - Magic Dart            Conj           100%       1d8       1%          1
b - Searing Ray           Conj           100%       2d8       1%          2
c - Fulminant Prism       Conj/Hex       24%        3d13      3%          4
d - Airstrike             Air            5%         N/A       41%         4
e - Iskenderun's Mystic   Conj/Tloc      35%        2d8       9%          4
f - Blink                 Tloc           22%        N/A       7%          2

Your spell library contained the following spells:

 Spells                   Type           Power      Damage    Failure   Level
 Shock                    Conj/Air       100%       1d9       1%          1
 Slow                     Hex            100%       N/A       1%          1
 Confusing Touch          Hex            40%        N/A       1%          3
 Dazzling Flash           Conj/Hex       98%        N/A       1%          3
 Animate Skeleton         Necr           22%        N/A       4%          1
 Apportation              Tloc           22%        N/A       4%          1
 Summon Small Mammal      Summ           44%        N/A       4%          1
 Portal Projectile        Hex/Tloc       52%        N/A       4%          3
 Gell's Gravitas          Tloc           11%        N/A       14%         3
 Lesser Beckoning         Tloc           11%        N/A       14%         3
 Ozocubu's Armour         Ice            11%        N/A       14%         3
 Swiftness                Air            11%        N/A       14%         3
 Teleport Other           Tloc           11%        N/A       14%         3
 Vampiric Draining        Necr           11%        2d6       14%         3
 Manifold Assault         Tloc           11%        N/A       77%         5
 Dispersal                Tloc           5%         N/A       100%        6
 Disjunction              Tloc           5%         N/A       100%        8

Inventory:

Hand Weapons
 e - a +0 dagger of venom {short}
   (You took it off a kobold on level 1 of the Dungeon)
 w - the +7 mace of the Reaper (weapon) {vorpal, rC+ MP+9, mace}
   (You found it on level 3 of the Dungeon)

   It inflicts extra damage upon your enemies.
   rC:        It protects you from cold.
   MP:        It affects your magic capacity (+9).
Missiles
 c - 307 stones {throwing}
 g - 27 poisoned darts {throwing}
 t - 2 boomerangs {throwing}
 J - 4 javelins {throwing}
 L - 2 throwing nets {=f!fthrowing}
 O - 4 large rocks {=fthrowing}
Armour
 a - a +0 robe (worn)
 r - a scarf of resistance
   (You found it on level 2 of the Dungeon)
 x - a +0 cloak (worn)
   (You took it off Crazy Yiuf on level 3 of the Dungeon)
Jewellery
 p - the ring of Crawling {rF+ rCorr Str+6 Dex-3 Stlth+}
   (You found it on level 2 of the Dungeon)

   [ring of strength]

   Str:       It affects your strength (+6).
   Dex:       It affects your dexterity (-3).
   rF:        It protects you from fire.
   rCorr:     It protects you from acid and corrosion.
   Stlth:     It makes you more stealthy.
 u - a ring of see invisible
   (You found it in a sewer)
 C - a ring of fire
   (You found it on level 5 of the Dungeon)
 M - a +6 ring of intelligence (left hand)
   (You took it off a gnoll on level 7 of the Dungeon)
 P - a ring of magical power (right hand)
   (You found it on level 8 of the Dungeon)
Wands
 m - a wand of mindburst (12)
   (You found it on level 6 of the Dungeon)
 B - a wand of paralysis (9)
   (You found it on level 5 of the Dungeon)
 N - a wand of polymorph (8)
   (You found it on level 7 of the Dungeon)
 Q - a wand of flame (4)
   (You found it on level 9 of the Dungeon)
Scrolls
 f - 2 scrolls of vulnerability {!r!r}
 k - 7 scrolls of teleportation {@r4}
 o - 3 scrolls of noise {!r}
 s - 5 scrolls of amnesia
 v - 2 scrolls of enchant armour
 y - a scroll of enchant weapon
 E - a scroll of fog
 F - a scroll of blinking {!r}
 G - a scroll of immolation {!r!r}
 I - a scroll of acquirement {unknown}
 K - a scroll of brand weapon
Potions
 b - a potion of magic
 d - 6 potions of flight
 h - 2 potions of cancellation {unknown}
 i - 7 potions of mutation {unknown}
 j - 3 potions of might
 l - 2 potions of invisibility {unknown}
 n - 3 potions of brilliance {unknown}
 q - 2 potions of lignification {unknown}
 z - a potion of haste {unknown}
 A - a potion of berserk rage {unknown}
 D - 4 potions of curing {unknown}
 H - 2 potions of heal wounds {unknown}

Dungeon Overview and Level Annotations

Branches:
Dungeon (10/15)            Temple (0/1) D:7            Lair (0/6) D:10
    Orc (0/2) D:9           Sewer (visited)

Altars:
Dithmenos
Hepliaklqana
Beogh

Annotations:
D:3 3 runed translucent doors, OTABOTABOTAB's ghost, amateur DrTm
D:9 1 exclusion

#.......#.#########..
..
#....................
#.........##..#####.
#..............#
..............#
####.......#.#
#########.#
#########.#
#.@.....#.#
#h#####.#.# ###W###
#.#.# #.ho..# ##..#
#...RYo...#####
#....oYY....#
......oo.YP...#
.....$.>o......
#..............


You could see the friendly JeffDunnham the knight, 2 yaks, a wraith, 2 wargs, an
orc warrior, an orc wizard (distracted, ally target) and 2 orcs.


Message History

A warg comes into view.
An orc priest comes into view. It is wielding a +0 whip.
The orc moves out of view.
A yak comes into view.
An orc wizard and a yak come into view.
The warg howls!
The yak bellows!
You hear a bellow!
The warg bites you but does no damage. 2 yaks come into view.
The yak bellows! x2; You hear a bellow!
You hear a shout!
The wraith hits you. The warg bites you! 😕 HP[-12]
You take 12 damage, and now have 105/117 hp.
You swap places.
The warg bites you.
The warg bites JeffDunnham but does no damage.
The orc wizard casts a spell.
The orc wizard flickers and vanishes!
Deactivating autopickup; reactivate with Ctrl-A.
The wraith hits you. The wraith drains your vigour!
You feel yourself slow down. 😕 HP[-6]
You take 6 damage, and now have 99/117 hp.
Unknown command.
Unknown command.
JeffDunnham closely misses the orc warrior.
The orc priest calls down the wrath of Beogh upon you.
Beogh smites you!
The orc hits the plant with a +0 hand axe.
The plant begins to die.
The warg bites you.
JeffDunnham closely misses the warg.
The orc hits the plant with a +0 hand axe.
JeffDunnham blocks the orc wizard's attack.
The yak barely misses JeffDunnham. 😮 HP[-17]
You take 17 damage, and now have 82/117 hp.
The warg attacks as you move away! The warg bites you.
The warg completely misses you.
JeffDunnham closely misses the warg.
The orc wizard hits JeffDunnham but does no damage.
The orc hits the plant with a +0 hand axe. 😮 HP[-4]
You take 4 damage, and now have 78/117 hp.
Casting: Searing Ray (safe; 1% risk of failure)
Confirm with . or Enter, or press ? or * to list all spells.
Aiming: Searing Ray (safe; 1% risk of failure)
Press: ? - help, Shift-Dir - straight line, f - orc warrior
Aim: an orc warrior, wielding a +0 short sword and wearing a +0 plate armour (83% to hit)
The searing ray hits the warg!
The searing ray misses the wraith.
The searing ray hits the orc warrior.
JeffDunnham avoids your attack. (Press . to maintain the ray.)
The warg bites you but does no damage.
JeffDunnham misses the orc wizard.
The orc wizard hits JeffDunnham but does no damage.
The warg bites you!
JeffDunnham hits the orc wizard with a +0 flail.
The orc wizard casts a spell at you.
JeffDunnham resists with some effort. 😮 HP[-16] MP[-2]
You take 16 damage, and now have 62/117 hp.
You lost 2 mp, and now have 39/41 mp.
The searing ray misses the warg.
The searing ray hits the wraith.
The searing ray hits something!
JeffDunnham avoids your attack.
A nearby plant withers and dies.
The warg bites you but does no damage.
JeffDunnham hits the orc wizard with a +0 flail.
The warg bites you!
* * * LOW HITPOINT WARNING * * *
The orc wizard barely misses JeffDunnham. 😨 HP[-9]
You take 9 damage, and now have 53/117 hp.
The searing ray hits the warg!
The searing ray misses the wraith.
JeffDunnham avoids your attack. The warg bites you!
* * * LOW HITPOINT WARNING * * *
JeffDunnham barely misses the orc wizard.
The orc wizard hits JeffDunnham but does no damage.
A yak comes into view.
JeffDunnham blocks the orc's attack.
The warg bites you!
* * * LOW HITPOINT WARNING * * *
JeffDunnham closely misses the orc.
JeffDunnham blocks the orc's attack.
The orc wizard hits JeffDunnham but does no damage. 😨 HP[-23] MP[-1]
You take 23 damage, and now have 30/117 hp.
You lost 1 mp, and now have 38/41 mp.
The searing ray hits the warg.
The searing ray hits the wraith!
The searing ray hits the orc warrior!
JeffDunnham avoids your attack.
You finish channelling your searing ray.
You feel yourself speed up. The warg bites you!
* * * LOW HITPOINT WARNING * * *
JeffDunnham barely misses the orc wizard.
The warg bites you!
* * * LOW HITPOINT WARNING * * *
The orc wizard closely misses JeffDunnham. 😱 HP[-15] MP[-1]
You take 15 damage, and now have 15/117 hp.
You lost 1 mp, and now have 37/41 mp.
Casting: Searing Ray (safe; 1% risk of failure)
Confirm with . or Enter, or press ? or * to list all spells.
Aiming: Searing Ray (safe; 1% risk of failure)
Press: ? - help, Shift-Dir - straight line, f/p - orc warrior
Aim: an orc warrior, wielding a +0 short sword and wearing a +0 plate armour (heavily wounded, 83% to hit)
Okay, then.
The warg attacks as you move away! The warg bites you!
You die...

Skill      XL: |  1  2  3  4  5  6  7  8  9 10 11 |
---------------+----------------------------------+-----
Spellcasting   | 3 4 5 6 8 |  8.0
Hexes          | 3 5 |  5.0
Conjurations   | 4 7 8 |  8.2
Fighting       | 8 13 14 | 14.2
Invocations    | 4 6 |  6.3
Armour         | |  0.1
Dodging        | |  1.7
Stealth        | |  1.4

Action                   |  1- 3 |  4- 6 |  7- 9 | 10-12 || total
-------------------------+-------+-------+-------+-------++-------
Melee: Dagger            |    41 |    24 |       |       ||    65
       Punch             |     2 |       |       |       ||     2
       Mace              |       |     4 |     4 |     3 ||    11
 Cast: Magic Dart        |    57 |   134 |    86 |   102 ||   379
       Searing Ray       |     2 |     3 |    43 |    45 ||    93
       Fulminant Prism   |       |       |       |     5 ||     5
Invok: Recall Ancestor   |       |     1 |       |       ||     1
       Ancestor Identity |       |     1 |       |       ||     1
       Ancestor Life: Kn |       |       |     1 |       ||     1
  Use: Scroll            |       |       |     8 |     3 ||    11
Armor: Robe              |     7 |    13 |     8 |     9 ||    37
Dodge: Dodged            |    16 |    16 |    16 |    27 ||    75

Levels and vault maps discovered:
D:1:      scummos_arrival_simple_crosswalls, layout_basic, serial_forest,
          infiniplex_forest_lined_corner, infiniplex_forest_clump_long,
          infiniplex_forest_join, infiniplex_forest_lined_1,
          infiniplex_forest_clump_small, infiniplex_forest_clump_diagonal,
          infiniplex_forest_zigzag_2, minmay_pentomino_s4
D:2:      layout_loops_ring, basic_altar, serial_bayou_pond_b,
          guppyfry_early_lair_pool
D:3:      layout_basic, shapermc_ecumenical_altar_totnotflames,
          biasface_ghost_orc_armoury, gup_sewer_entry_pipe, uniq_jessica,
          uniq_crazy_yiuf_cottage
D:4:      layout_cave_pools
D:5:      layout_rooms, jmf_multi_god_temple, sigmund_edmund_badplayer
D:6:      layout_rooms, grunt_dithmenos_smoke, serial_bayou_lagoon_a
D:7:      layout_basic, minmay_temple_entry_arrows
D:8:      layout_loops_ring, serial_ice, serial_ice_m, serial_ice_k,
          serial_ice_n, serial_ice_d, hangedman_decor_clover_reticule
D:9:      nzn_winding_woodlands_cross
          [nzn_winding_woodlands_5x15_river_crossing,
          nzn_winding_woodlands_5x15_pockets,
          nzn_winding_woodlands_5x15_lazy_stream,
          nzn_winding_woodlands_5x15_concentric,
          nzn_winding_woodlands_15x15_eel_pit], layout_basic, orc_0_dummy,
          minivault_25
D:10:     layout_loops_cross, erik_lair_orcish_takeover, serial_shops,
          nicolae_shop_hallway_plus, grunt_ministairs_3,
          kennysheep_generic_room_2, uniq_josephine

Notes
Turn   | Place    | Note
-------+----------+-------------------------------------------
     0 | D:1      | spaghetti the Ogre Conjurer began the quest for the Orb.
     0 | D:1      | Reached XP level 1. HP: 16/16 MP: 3/3
     0 | D:1      | magus.rc [v1.9.6]
   267 | D:1      | Reached skill level 3 in Spellcasting
   279 | D:1      | Reached XP level 2. HP: 24/24 MP: 1/6
  1201 | D:2      | Reached skill level 4 in Spellcasting
  1201 | D:2      | Reached XP level 3. HP: 27/31 MP: 2/8
  1204 | D:2      | Learned a level 2 spell: Searing Ray
  1848 | D:2      | You pick up a book of Air and begin reading...
  1848 | D:2      | You add the spells Shock, Swiftness and Airstrike to your
                  | library.
  1886 | D:2      | Reached XP level 4. HP: 38/39 MP: 7/10
  1914 | D:2      | Identified the ring of Crawling {rF+ rCorr Str+6 Dex-3
                  | Stlth+}
  1992 | D:2      | Found a hazy altar of Hepliaklqana.
  2071 | D:2      | Became a worshipper of Hepliaklqana the Forgotten
  2285 | D:3      | Reached skill level 5 in Spellcasting
  2417 | D:3      | Found a faded altar of an unknown god.
  2602 | D:3      | Noticed Jessica
  2605 | D:3      | Killed Jessica
  2679 | D:3      | Reached XP level 5. HP: 40/45 MP: 7/13
  2726 | D:3      | Reached * piety under Hepliaklqana
  2808 | D:3      | Reached skill level 6 in Spellcasting
  2808 | D:3      | Found a glowing drain.
  2815 | Sewer    | Entered a sewer
  3335 | Sewer    | Reached XP level 6. HP: 47/47 MP: 7/15
  3522 | Sewer    | Reached skill level 7 in Spellcasting
  3990 | D:3      | Found a runed translucent gate.
  3990 | D:3      | Noticed OTABOTABOTAB's ghost (amateur DrTm)
  3990 | D:3      | Identified the +10 short sword "Riammiog" {drain, rPois}
  4004 | D:3      | Found a runed translucent gate.
  4005 | D:3      | Found a runed translucent gate.
  4108 | D:3      | Found a runed translucent door.
  4109 | D:3      | Noticed Crazy Yiuf
  4322 | D:3      | Killed Crazy Yiuf
  4327 | D:3      | Identified the +7 mace of the Reaper {vorpal, rC+ MP+9}
  4519 | D:3      | Learned a level 4 spell: Fulminant Prism
  4524 | D:3      | Learned a level 4 spell: Airstrike
  4748 | D:4      | Reached skill level 8 in Spellcasting
  4779 | D:4      | Reached XP level 7. HP: 53/53 MP: 18/18
  4956 | D:4      | Reached skill level 1 in Hexes
  5131 | D:5      | Entered Level 5 of the Dungeon
  5323 | D:5      | You pick up a book of Debilitation and begin reading...
  5323 | D:5      | You add the spells Slow, Vampiric Draining and Confusing
                  | Touch to your library.
  5496 | D:5      | Reached skill level 4 in Conjurations
  5496 | D:5      | Reached skill level 2 in Hexes
  5508 | D:5      | Reached skill level 3 in Hexes
  5632 | D:5      | Reached XP level 8. HP: 60/60 MP: 20/20
  5677 | D:5      | Noticed a two-headed ogre
  5734 | D:6      | Reached skill level 4 in Hexes
  5837 | D:6      | Reached skill level 5 in Conjurations
  5867 | D:6      | Reached ** piety under Hepliaklqana
  5869 | D:6      | Remembered your ancestor JeffDunnham as a knight
  6010 | D:6      | Reached skill level 5 in Hexes
  6066 | D:6      | Found a shadowy altar of Dithmenos.
  6067 | D:6      | You add the spells Gell's Gravitas, Teleport Other and
                  | Dispersal to your library.
  6148 | D:6      | Reached skill level 6 in Conjurations
  6647 | D:7      | Reached skill level 7 in Conjurations
  6647 | D:7      | Reached XP level 9. HP: 38/66 MP: 18/21
  6652 | D:7      | Learned a level 4 spell: Iskenderun's Mystic Blast
  6932 | D:7      | Found a staircase to the Ecumenical Temple.
  6975 | D:7      | Reached skill level 8 in Conjurations
  7300 | D:7      | Reached skill level 2 in Fighting
  7586 | D:7      | You pick up a book of Cantrips and begin reading...
  7586 | D:7      | You add the spells Animate Skeleton, Summon Small Mammal
                  | and Apportation to your library.
  7685 | D:8      | Reached skill level 3 in Fighting
  7803 | D:8      | Reached skill level 4 in Fighting
  7837 | D:8      | Reached skill level 5 in Fighting
  7967 | D:8      | Reached skill level 6 in Fighting
  8012 | D:8      | Noticed a two-headed ogre
  8019 | D:8      | Killed a two-headed ogre
  8020 | D:8      | Reached skill level 8 in Fighting
  8020 | D:8      | Reached XP level 10. HP: 84/95 MP: 21/22
  8081 | D:8      | Reached skill level 9 in Fighting
  8237 | D:8      | Reached skill level 10 in Fighting
  8335 | D:8      | Reached skill level 11 in Fighting
  8515 | D:8      | Reached skill level 12 in Fighting
  8888 | D:8      | Reached *** piety under Hepliaklqana
  9297 | D:9      | Reached skill level 1 in Invocations
  9325 | D:9      | Reached skill level 2 in Invocations
  9569 | D:9      | You pick up a book of Spatial Translocations and begin
                  | reading...
  9569 | D:9      | You add the spells Blink, Lesser Beckoning and Manifold
                  | Assault to your library.
  9585 | D:9      | Reached skill level 3 in Invocations
  9834 | D:9      | Reached skill level 13 in Fighting
 10105 | D:9      | Reached skill level 4 in Invocations
 10132 | D:9      | Reached XP level 11. HP: 85/114 MP: 23/23
 10396 | D:9      | Noticed a two-headed ogre
 10466 | D:9      | Found a staircase to the Orcish Mines.
 10469 | D:10     | Entered Level 10 of the Dungeon
 10680 | D:9      | Reached skill level 5 in Invocations
 11271 | D:9      | Noticed a wolf spider
 11281 | D:9      | Killed a wolf spider
 11282 | D:9      | HP: 28/115 [poisoned by a wolf spider]
 11286 | D:9      | HP: 11/115 [poisoned by a wolf spider]
 11290 | D:9      | HP: 5/115 [poisoned by a wolf spider]
 11294 | D:9      | HP: 2/115 [poisoned by a wolf spider]
 11703 | D:9      | Reached skill level 14 in Fighting
 11827 | D:9      | You add the spells Portal Projectile, Ozocubu's Armour and
                  | Disjunction to your library.
 11827 | D:9      | Got the Guide on the Unstable Glacier
 11883 | D:9      | Killed a two-headed ogre
 11884 | D:9      | Reached skill level 6 in Invocations
 12068 | D:9      | Learned a level 2 spell: Blink
 12252 | D:10     | Found a staircase to the Lair.
 12262 | D:10     | HP: 23/117 [warg (7)]
 12263 | D:10     | Slain by a warg

Vanquished Creatures
  2 two-headed ogres
  A wolf spider (D:9)
  A polar bear (D:8)
  A hornet (D:9)
  A shadow (D:9)
  5 yaks (D:8)
  A wyvern (D:9)
  A vampire mosquito (D:9)
  3 water moccasins
  An acid dragon (D:9)
  2 ice beasts (D:8)
  2 sky beasts
  A black bear (D:5)
  2 centaurs (D:9)
  A kobold brigand (D:9)
  A phantom (D:5)
  A bullfrog (D:9)
  A necrophage (D:5)
  12 wights
  5 electric eels
  6 howler monkeys
  A wyvern simulacrum (D:8)
  A gnoll shaman (D:7)
  Crazy Yiuf (D:3)
  3 orc priests
  A jelly (D:3)
  Jessica (D:3)
  An iguana (D:4)
  4 orc wizards
  A merfolk avatar (Sewer)
  2 killer bee simulacra (D:8)
  7 gnolls
  7 adders
  3 river rats (Sewer)
  3 white imps
  A howler monkey simulacrum (D:8)
  3 ufetubi
  3 worms
  2 dart slugs
  11 orcs
  8 ball pythons
  7 bats
  9 endoplasms
  6 giant cockroaches
  5 hobgoblins
  7 jackals
  2 quokkas (Sewer)
  9 frilled lizards
  2 goblins (D:2)
  4 kobolds
  30 rats
  A fulminant prism (D:9)
197 creatures vanquished.

Vanquished Creatures (collateral kills)
  A vampire (D:10)
  2 wyverns (D:9)
  A yak (D:8)
  3 vampire mosquitoes (D:9)
  A steam dragon (D:7)
  3 water moccasins
  An ice beast (D:8)
  3 ogres
  2 bullfrogs
  A gnoll sergeant (D:8)
  A necrophage (D:6)
  5 wights
  A howler monkey (D:9)
  A merfolk siren (Sewer)
  An orc wizard (D:8)
  4 adders
  3 gnolls
  A river rat (Sewer)
  A shadow imp (D:8)
  5 orcs
  An endoplasm (D:3)
  2 giant cockroaches (D:3)
  A hobgoblin (D:3)
  A jackal (D:5)
  2 quokkas (D:3)
48 creatures vanquished.

Vanquished Creatures (others)
  An orc warrior (D:9)
  A wight (D:9)
  5 knights
  A white imp (D:8)
  3 ancestors
  An ufetubus (D:8)
  4 fulminant prisms (D:9)
  34 plants
50 creatures vanquished.

Grand Total: 295 creatures vanquished

Table legend:
 A = Non-vault XP
 B = Vault XP
 C = Vault XP percentage of total XP
 D = Non-vault monster count
 E = Vault monster count
 F = Vault count percentage of total count
                 A         B        C        D         E       F
            +---------+---------+-------+---------+---------+-------
      Total |    8276 |    4092 |  33.1 |     164 |      81 |  33.1
            +---------+---------+-------+---------+---------+-------
        D:1 |      25 |       6 |  19.4 |      16 |       3 |  15.8
        D:2 |      62 |       0 |   0.0 |      20 |       0 |   0.0
        D:3 |      78 |      90 |  53.6 |      14 |       8 |  36.4
        D:4 |     238 |       0 |   0.0 |      10 |       0 |   0.0
        D:5 |     500 |       0 |   0.0 |      15 |       0 |   0.0
        D:6 |     888 |       0 |   0.0 |      13 |       0 |   0.0
        D:7 |    1158 |       0 |   0.0 |      16 |       0 |   0.0
        D:8 |    2665 |    1259 |  32.1 |      34 |      14 |  29.2
        D:9 |    2442 |    2537 |  51.0 |      25 |      12 |  32.4
       D:10 |     220 |       0 |   0.0 |       1 |       0 |   0.0
      Sewer |       0 |     200 | 100.0 |       0 |      44 | 100.0
            +---------+---------+-------+---------+---------+-------

Illustrated notes

Table legend:
 A = Kills in this place as a percentage of kills in entire the game.
 B = Kills by you in this place as a percentage of kills by you in the entire game.
 C = Kills by friends in this place as a percentage of kills by friends in the entire game.
 D = Other kills in this place as a percentage of other kills in the entire game.
 E = Experience gained in this place as a percentage of experience gained in the entire game.
 F = Experience gained in this place divided by the number of levels of this place that you have seen.
                   A       B       C       D       E      F
               +-------+-------+-------+-------+-------+----------------------
         Total | 100.0 | 100.0 | 100.0 | 100.0 | 100.0 | 1124.4
       Dungeon |  82.0 |  79.6 |  91.7 | 100.0 |  98.4 | 1216.8
         Sewer |  18.0 |  20.4 |   8.3 |   0.0 |   1.6 | 200.0
               +-------+-------+-------+-------+-------+----------------------

Table legend: (Time is in decaauts)
 A = Elapsed time spent in this place.
 B = Non-inter-level travel time spent in this place.
 C = Inter-level travel time spent in this place.
 D = Time resting spent in this place.
 E = Time spent auto-exploring this place.
 F = Levels seen in this place.
 G = Mean time per level.
                   A        B        C        D        E       F      G
               +--------+--------+--------+--------+--------+-----+--------+
         Total |  12343 |  12079 |    264 |   3852 |   6839 |  11 | 1122.1 |
       Dungeon |  11350 |  11086 |    264 |   3589 |   6291 |  10 | 1135.0 |
         Sewer |    993 |    993 |      0 |    263 |    548 |   1 |  993.0 |
               +--------+--------+--------+--------+--------+-----+--------+

Top non-repeatable levels by time:
     D:9: 2652 daAuts
     D:8: 1608 daAuts
     D:3: 1531 daAuts
     D:1: 1137 daAuts
     D:7: 1020 daAuts
   Sewer: 993 daAuts
     D:2: 943 daAuts
     D:6: 924 daAuts
     D:4: 578 daAuts
     D:5: 572 daAuts
    D:10: 380 daAuts
